 Dungeon Crawl Stone Soup version 0.32-a0-818-gb728d0252e (webtiles) character file.

Game seed: 16533094335319392650

8152 mooti9 the Skirmisher (level 11, -5/74 (77) HPs)
             Began as a Coglin Hunter on Mar 25, 2024.
             Was a Believer of Uskayaw.
             Slain by an obsidian bat (10 damage)
             ... on level 2 of the Orcish Mines.
             The game lasted 00:31:50 (8832 turns).

mooti9 the Skirmisher (Coglin Hunter)               Turns: 8832, Time: 00:31:51

HP:   -5/74 (77)    AC:  6    Str: 11    XL:     11   Next: 26%
MP:   15/15         EV: 13    Int:  9    God:    Uskayaw [**....]
Gold: 449           SH:  0    Dex: 22    Spells: 14/15 levels left

rFire   + . .        a - +3 sling (flame) {Tawil}
rCold   . . .        d - +0 sling (elec) {Narong}
rNeg    . . .        y - +2 robe {rF+}
rPois   +            o - +1 helmet
rElec   .            (no cloak)
rCorr   .            (no gloves)
SInv    .            t - +0 pair of boots
Will    .....        (amulet unavailable)
Stlth   ++           (ring unavailable)
HPRegen 0.32/turn    (ring unavailable)
MPRegen 0.14/turn    (no gizmo)

%: no passive effects
@: lightly drained, revved
A: off-hand wielding, slow wielding, warmup strikes, no jewellery, deformed
body, sense surroundings 1, poison resistance, inability to read after injury 1
a: Invent Gizmo, Renounce Religion, Stomp, Line Pass


You were on level 2 of the Orcish Mines.
You worshipped Uskayaw.
Uskayaw was noncommittal.
You visited 2 branches of the dungeon, and saw 11 of its levels.

You collected 790 gold pieces.
You spent 341 gold pieces at shops.

Inventory:

Hand Weapons
 a - a +3 sling of flaming (weapon) {Tawil}
 d - a +0 sling of electrocution (offhand) {Narong}
Armour
 o - a +1 helmet (worn)
 t - a +0 pair of boots (worn)
 y - a +2 robe of fire resistance (worn)
Wands
 h - a wand of digging (5)
 l - a wand of charming (8)
 u - a wand of warping (12)
 D - a wand of polymorph (5)
 E - a wand of flame (5)
Scrolls
 b - a scroll of butterflies
 c - a scroll of immolation
 g - 2 scrolls of fear
 k - 3 scrolls of teleportation
 n - 4 scrolls of vulnerability
 p - 2 scrolls of poison
 q - 3 scrolls of revelation
 s - a scroll of amnesia
 w - 2 scrolls of fog
Potions
 e - 5 potions of curing
 f - 4 potions of brilliance
 i - a potion of might
 j - 4 potions of lignification
 m - 4 potions of attraction
 r - 2 potions of haste
 x - a potion of resistance
 z - a potion of magic {unknown}
 A - a potion of cancellation {unknown}
 B - a potion of heal wounds


   Skills:
 + Level 4.3 Fighting
 + Level 14.3 Ranged Weapons
 + Level 3.9 Dodging
 - Level 0.7 Stealth
 + Level 2.9 Spellcasting
 + Level 3.5 Summonings


You had 14 spell levels left.
You knew the following spells:

 Your Spells              Type           Power      Damage    Failure   Level
a - Summon Small Mammal   Summ           28%        N/A       7%          1

Your spell library contained the following spells:

 Spells                   Type           Power      Damage    Failure   Level
 Call Canine Familiar     Summ           7%         N/A       22%         3
 Dazzling Flash           Conj/Hex       2%         N/A       67%         3
 Mephitic Cloud           Conj/Alch/Air  1%         N/A       67%         3
 Sigil of Binding         Hex            1%         N/A       67%         3
 Dimensional Bullseye     Hex/Tloc       0%         N/A       97%         4
 Curse of Agony           Necr           1%         N/A       100%        5
 Freezing Cloud           Conj/Ice/Air   0%         6-21      100%        5
 Silence                  Hex/Air        0%         N/A       100%        5


Dungeon Overview and Level Annotations

Branches:
Dungeon (9/15)             Temple (0/1) D:6             Orc (2/2) D:9
   Lair: D:8-11         Elf: Orc:2

Altars:
Ashenzari
Cheibriados
Elyvilon
Qazlal
Uskayaw
Beogh

Shops:
D:3 [


Innate Abilities, Weirdness & Mutations

You can wield a second weapon in your off-hand.
It takes a long time for you to wield or remove held weapons.
Your first few attacks do less damage.
You cannot equip rings or amulets.
Armour fits poorly on your strangely shaped body.
You passively map a small area around you.
Your system is resistant to poisons. (rPois)
You occasionally lose the ability to read scrolls when taking damage.


Message History

Read: 3 scrolls of fear
Press: ? - help, Q - select action, (/) - cycle Dir - look around, f - activate Look: a hell hound (summoned, chance to affect: 97%)
As you read the scroll of fear, it crumbles to dust.
You assume a fearsome visage.
The hell rat looks frightened!
The hell hound resists with some effort.
The hell hound looks frightened!
The obsidian bat is unaffected.
The hell hound disappears in a puff of smoke!
The obsidian bat completely misses you.
You shoot a sling bullet. The sling bullet hits the obsidian bat!
The obsidian bat is heavily damaged.
You shoot a sling bullet.
The sling bullet closely misses the obsidian bat.
The sling bullet hits the hell rat.
Your attack snaps the hell rat out of its fear.
The hell rat is lightly wounded.
The obsidian bat barely misses you. The obsidian bat closely misses you.
You shoot a sling bullet.
The sling bullet hits the obsidian bat but does no damage.
The obsidian bat is heavily damaged.
You shoot a sling bullet.
The sling bullet barely misses the obsidian bat.
The sling bullet completely misses the hell rat.
The obsidian bat misses you. The obsidian bat bites you!
* * * LOW HITPOINT WARNING * * *
You shoot a sling bullet.
The sling bullet hits the obsidian bat but does no damage.
The obsidian bat is heavily damaged.
You shoot a sling bullet.
The sling bullet barely misses the obsidian bat.
The obsidian bat closely misses you. The hell rat closely misses you.
You shoot a sling bullet. The sling bullet hits the obsidian bat.
The obsidian bat is heavily damaged.
You shoot a sling bullet.
The sling bullet closely misses the obsidian bat.
The hell rat disappears in a puff of smoke!
The obsidian bat bites you!
You die...
Your body falls in perfect tune with the rhythm.

#.####.#####.####..#.
, #......).[.####. ß *
+, #...[.####.##ß.. ,
,+, #..⌠..#[.#..'... ,
* ###.....#.)[.##ß..
........#..#.####. ,
,####.#####.####.#..#.
,
,+....#...#......)..#.
*
,#...@#...#.######(.#.
####..§b##'##)# *####.
#.h.........).# ,
#.#####'###.### , #
...*#.# * #...##.# , *
,######+#, ** * *, *


You could see an obsidian bat and a hell hound (summoned, fleeing).

Vanquished Creatures
  An orc high priest (Orc:2)
  An obsidian bat (Orc:1)
  An orc sorcerer (Orc:2)
  2 kobold blastminers (Orc:2)
  2 trolls
  A wyvern (D:9)
  2 wargs (Orc:2)
  An acid dragon (D:9)
  4 water moccasins
  13 orc warriors
  3 ice beasts (D:7)
  3 centaurs
  7 ogres
  A kobold brigand (D:4)
  3 bullfrogs
  A gnoll sergeant (D:7)
  2 scorpions
  2 wyvern zombies (D:6)
  9 wights
  4 killer bees
  3 bombardier beetles
  A centaur zombie (D:6)
  2 hounds
  4 jellies
  3 bullfrog skeletons (D:6)
  A gnoll bouda (D:7)
  8 orc priests
  2 iguanas
  6 orc wizards
  2 howler monkey zombies (D:6)
  7 gnolls
  A howler monkey skeleton (D:6)
  8 adders
  A shadow imp (D:6)
  A white imp (D:6)
  2 ufetubi (D:6)
  4 dart slugs
  A ribbon worm (D:2)
  65 orcs
  6 endoplasms
  3 giant cockroaches
  14 goblins
  10 hobgoblins
  8 jackals
  2 quokkas
  10 ball pythons
  A bat (D:2)
  2 frilled lizards
  10 kobolds
  6 rats
257 creatures vanquished.

Notes
Turn   | Place    | Note
-------+----------+-------------------------------------------
     0 | D:1      | mooti9 the Coglin Hunter began the quest for the Orb.
     0 | D:1      | Reached XP level 1. HP: 16/16 MP: 1/1
   289 | D:1      | Reached skill level 4 in Ranged Weapons
   289 | D:1      | Reached XP level 2. HP: 22/22 MP: 2/2
   353 | D:1      | Reached XP level 3. HP: 27/27 MP: 3/3
   503 | D:1      | Found a faded altar of an unknown god.
   506 | D:1      | Prayed at the altar of an unknown god.
   506 | D:1      | Became a worshipper of Uskayaw the Reveller
   506 | D:1      | Reached * piety under Uskayaw
   881 | D:2      | Reached ** piety under Uskayaw
  1046 | D:2      | Reached skill level 5 in Ranged Weapons
  1046 | D:2      | Reached XP level 4. HP: 33/33 MP: 4/4
  1562 | D:3      | Found Kuteq's Antique Armour Emporium.
  1709 | D:3      | Reached *** piety under Uskayaw
  1711 | D:3      | Reached XP level 5. HP: 26/38 MP: 5/5
  1858 | D:3      | Gained mutation: Your health recovers twice as slowly from
                  | being drained. [potion of mutation]
  1858 | D:3      | Gained mutation: You possess an exceptional clarity of
                  | mind. [potion of mutation]
  1970 | D:3      | Reached skill level 6 in Ranged Weapons
  2217 | D:3      | Found a broken altar of Ashenzari.
  2358 | D:3      | Bought a helmet for 121 gold pieces
  2434 | D:4      | Got the Volume of Weather and the Throng
  2518 | D:4      | Noticed an ogre
  2524 | D:4      | Killed an ogre
  2525 | D:4      | Reached XP level 6. HP: 12/44 MP: 6/6
  2776 | D:4      | Reached skill level 7 in Ranged Weapons
  2905 | D:4      | Reached XP level 7. HP: 50/50 MP: 7/7
  3269 | D:5      | Entered Level 5 of the Dungeon
  3593 | D:5      | Reached skill level 8 in Ranged Weapons
  3995 | D:6      | Reached XP level 8. HP: 56/56 MP: 8/8
  4067 | D:6      | Reached skill level 9 in Ranged Weapons
  4076 | D:6      | Found a staircase to the Ecumenical Temple.
  4140 | D:6      | Reached **** piety under Uskayaw
  4145 | D:6      | Reached ***** piety under Uskayaw
  4446 | D:3      | Bought a glowing robe for 99 gold pieces
  4541 | D:7      | Reached skill level 10 in Ranged Weapons
  4932 | D:7      | Reached XP level 9. HP: 61/61 MP: 9/9
  4987 | D:7      | Reached skill level 11 in Ranged Weapons
  5134 | D:7      | Found a white marble altar of Elyvilon.
  5405 | D:8      | Found a stormy altar of Qazlal.
  5406 | D:8      | Found a snail-covered altar of Cheibriados.
  5511 | D:8      | Reached skill level 12 in Ranged Weapons
  5699 | D:8      | Found a flagged portal.
  6535 | D:9      | Reached skill level 13 in Ranged Weapons
  6535 | D:9      | Reached XP level 10. HP: 67/67 MP: 10/10
  6562 | D:9      | Reached ****** piety under Uskayaw
  6660 | D:9      | Found a roughly hewn altar of Beogh.
  6661 | D:9      | Found a staircase to the Orcish Mines.
  7113 | D:3      | Bought a pair of boots for 121 gold pieces
  7299 | Orc:1    | Entered Level 1 of the Orcish Mines
  7310 | Orc:1    | Reached skill level 14 in Ranged Weapons
  7312 | Orc:1    | Learned a level 1 spell: Summon Small Mammal
  7505 | Orc:1    | Noticed an obsidian bat
  7518 | Orc:1    | Killed an obsidian bat
  7519 | Orc:1    | Reached skill level 1 in Spellcasting
  7519 | Orc:1    | Reached skill level 1 in Summonings
  7764 | Orc:2    | Entered Level 2 of the Orcish Mines
  7929 | Orc:2    | Noticed a kobold blastminer
  7935 | Orc:2    | Killed a kobold blastminer
  8174 | Orc:2    | Reached XP level 11. HP: 19/75 MP: 14/14
  8369 | Orc:2    | Noticed an orc sorcerer
  8374 | Orc:2    | Killed an orc sorcerer
  8392 | Orc:2    | Noticed an orc high priest
  8409 | Orc:2    | Killed an orc high priest
  8810 | Orc:2    | Lost mutation: You possess an exceptional clarity of mind.
                  | [potion of mutation]
  8810 | Orc:2    | Lost mutation: Your health recovers twice as slowly from
                  | being drained. [potion of mutation]
  8810 | Orc:2    | Gained mutation: You passively map a small area around you.
                  | [potion of mutation]
  8810 | Orc:2    | Gained mutation: You occasionally lose the ability to read
                  | scrolls when taking damage. [potion of mutation]
  8810 | Orc:2    | Gained mutation: Armour fits poorly on your strangely
                  | shaped body. [potion of mutation]
  8810 | Orc:2    | Gained mutation: Your system is resistant to poisons.
                  | (rPois) [potion of mutation]
  8817 | Orc:2    | Noticed an obsidian bat
  8832 | Orc:2    | Slain by an obsidian bat

Illustrated notes

Levels and vault maps discovered:
D:1:      dpeg_arrival_erosion, layout_loops_ring,
          shapermc_ecumenical_altar_mp_urbaneastern,
          chequers_serial_rivers_small_3
D:2:      layout_rooms, lemuel_flame_loot_1
D:3:      corexii_shack_village, layout_basic, mainiacjoe_overflow_brackets,
          serial_shops, shop, minmay_quantized
D:4:      layout_gridville
D:5:      layout_loops_ring
D:6:      layout_rooms, minmay_temple_entry_wispy, serial_undead,
          serial_undead_a, serial_undead_e, serial_undead_d, serial_undead_f
D:7:      layout_rooms, elyvilon_altar_1, serial_rivers,
          chequers_serial_rivers_large_a, chequers_serial_rivers_marsh,
          chequers_serial_rivers_micro_c, chequers_serial_rivers_micro_b,
          chequers_serial_rivers_micro_c
D:8:      layout_loops_ring, mainiacjoe_overflow_divided_tiny, enter_bailey_4
D:9:      layout_rooms, david_orc_5
Orc:1:    layout_caves
Orc:2:    pubby_orc_utopia

Skill      XL: |  1  2  3  4  5  6  7  8  9 10 11 |
---------------+----------------------------------+-----
Ranged Weapons | 4 5 6 7 8 10 13 14 | 14.3
Dodging        | 3 |  3.9
Spellcasting   | 2 |  2.9
Summonings     | 2 3 |  3.5
Fighting       | 3 4 |  4.3
Stealth        | |  0.7

Action                     |  1- 3 |  4- 6 |  7- 9 | 10-12 || total
---------------------------+-------+-------+-------+-------++-------
   Fire: Sling             |   106 |   282 |   438 |   480 ||  1306
   Cast: Summon Small Mamm |       |       |       |     2 ||     2
    Use: Scroll            |     3 |     4 |     9 |     4 ||    20
         Potion            |       |     6 |     5 |     1 ||    12
 Armour: Ring mail         |     4 |    30 |    10 |       ||    44
         Skin              |       |     4 |       |       ||     4
         Robe              |       |       |    52 |    76 ||   128
  Dodge: Dodged            |     3 |    18 |    50 |    58 ||   129

Table legend: (Time is in decaauts)
 A = Elapsed time spent in this place.
 B = Non-inter-level travel time spent in this place.
 C = Inter-level travel time spent in this place.
 D = Time resting spent in this place.
 E = Time spent auto-exploring this place.
 F = Levels seen in this place.
 G = Mean time per level.
                   A        B        C        D        E       F      G
               +--------+--------+--------+--------+--------+-----+--------+
         Total |   8820 |   7949 |    871 |   1473 |   5298 |  11 |  801.8 |
       Dungeon |   7338 |   6483 |    855 |    578 |   4924 |   9 |  815.3 |
  Orcish Mines |   1482 |   1467 |     15 |    895 |    374 |   2 |  741.0 |
               +--------+--------+--------+--------+--------+-----+--------+

Top non-repeatable levels by time:
     D:3: 1179 daAuts
     D:8: 992 daAuts
     D:4: 955 daAuts
   Orc:2: 921 daAuts
     D:9: 798 daAuts
     D:1: 782 daAuts
     D:5: 777 daAuts
     D:2: 639 daAuts
     D:7: 626 daAuts
     D:6: 586 daAuts
   Orc:1: 560 daAuts
